 Dungeon Crawl Stone Soup version 0.26.0-16-gc1dbca0489 (webtiles) character file.

Game seed: 18408221473516320958

3850 JustYaKnow the Blocker (level 9, -41/81 HPs)
             Began as a Minotaur Fighter on Jan 19, 2021.
             Was a Believer of Ru.
             Killed from afar by a fire dragon (52 damage)
             ... with a blast of flame
             ... on level 9 of the Dungeon.
             The game lasted 00:37:36 (7448 turns).

JustYaKnow the Blocker (Minotaur Fighter)           Turns: 7448, Time: 00:37:37

Health: -41/81     AC: 16    Str: 25    XL:     9   Next: 99%
Magic:  8/8        EV:  5    Int:  6    God:    Ru [**....]
Gold:   323        SH: 18    Dex: 10    Spells: 8/8 levels left

rFire    . . .     SeeInvis +   p - +3 scimitar (flame)
rCold    . . .     Faith    .   i - +0 tower shield
rNeg     . . .     Spirit   .   h - +0 plate armour
rPois    .         Reflect  .   (helmet restricted)
rElec    .         Harm     .   g - +0 cloak
rCorr    .         Rampage  .   (no gloves)
Will     .....                  k - +0 pair of boots
Stlth    ..........             (no amulet)
HPRegen  0.23/turn              o - ring of see invisible
MPRegen  0.11/turn              v - ring of wizardry

@: no scrolls
A: retaliatory headbutt, horns 2, mutation resistance 1, strong 1, inability to
read while threatened, hated by all
a: Renounce Religion


You were on level 9 of the Dungeon.
You worshipped Ru.
Ru was pleased with you.
You visited 1 branch of the dungeon, and saw 9 of its levels.

You collected 323 gold pieces.

Inventory:

Hand Weapons
 a - a +0 vorpal long sword
 p - a +3 scimitar of flaming (weapon)
 s - a +0 long sword of protection
Armour
 g - a +0 cloak (worn)
 h - a +0 plate armour (worn)
 i - a +0 tower shield (worn)
 k - a +0 pair of boots (worn)
Jewellery
 o - a ring of see invisible (left hand)
 v - a ring of wizardry (right hand)
Wands
 l - a wand of flame (22)
 w - a wand of random effects (19)
 y - a wand of acid (5)
Scrolls
 c - 4 scrolls of teleportation
 e - 3 scrolls of remove curse
 j - 2 scrolls of blinking
 x - a scroll of fear
Potions
 b - a potion of lignification {unknown}
 d - 2 potions of brilliance
 f - a potion of haste
 m - a potion of ambrosia
 n - 3 potions of cancellation
 q - a potion of magic
 t - a potion of berserk rage


   Skills:
 + Level 7.9 Fighting
 + Level 10.0 Long Blades
 + Level 0.4 Axes
 + Level 7.7 Armour
 + Level 1.9 Dodging
 + Level 0.2 Stealth
 + Level 10.4 Shields


You had 8 spell levels left.
You didn't know any spells.
Your spell library contained the following spells:

 Spells                   Type           Power        Failure   Level
 Apportation              Tloc           0%           100%        1
 Corona                   Hex            0%           100%        1
 Sting                    Tmut/Pois      0%           100%        1
 Ensorcelled Hibernation  Hex/Ice        0%           100%        2
 Poisonous Vapours        Pois/Air       0%           100%        2
 Confusing Touch          Hex            0%           100%        3
 Dazzling Flash           Conj/Hex       0%           100%        3
 Ignite Poison            Fire/Tmut/Pois 0%           100%        3
 Mephitic Cloud           Conj/Pois/Air  0%           100%        3
 Olgreb's Toxic Radiance  Pois           0%           100%        4
 Irradiate                Conj/Tmut      0%           100%        5
 Hydra Form               Tmut           0%           100%        6
 Statue Form              Tmut/Erth      0%           100%        6
 Dragon Form              Tmut           0%           100%        7
 Animate Skeleton         Necr           Unusable     N/A         1
 Summon Small Mammal      Summ           Unusable     N/A         1
 Tukima's Dance           Hex            Unusable     N/A         3

Dungeon Overview and Level Annotations

Branches:
Dungeon (9/15)             Temple (0/1) D:4            Lair (0/6) D:9
    Orc: D:9-12

Altars:
Ashenzari
Dithmenos
Fedhas
Gozag
Hepliaklqana
Kikubaaqudgha
Makhleb
Qazlal
Ru
Wu Jian
Xom
Yredelemnul

Shops:
D:7 }*[(


Innate Abilities, Weirdness & Mutations

You reflexively headbutt those who attack you in melee.
You have a pair of horns on your head.
You cannot read scrolls while threatened.
You are hated by all.
You are somewhat resistant to further mutation.
Your muscles are strong. (Str +2)


Message History

The fire dragon breathes flames at you. The blast of flame hits you!!
You feel threatened and lose the ability to read scrolls!
* * * LOW HITPOINT WARNING * * *
You hear a shout!
Okay, then.
You cannot read scrolls in your current state!
Okay, then.
You cannot read scrolls in your current state!
You can read scrolls again.
The kobold throws a stone.
You block the stone. The kobold hits you but does no damage.
You see here a stone.
The kobold throws a stone.
You block the stone.
You see here a stone.
The fire dragon breathes flames at you. The blast of flame hits you!!!
You feel threatened and lose the ability to read scrolls!
Ouch! That really hurt!
You die...

.≈≈.####..())..).#......#........
.D #..(#.....#......#........
.......#.....#......#........
########KK...#.###...........
#.....#.###...#######.
#.....#.....###♣♣♣♣♣##
#..D..#...###♣♣♣....♣♣
#.....#...#♣♣..)......
#..(K@'...#♣..........
#.....#...#♣..........
######....#♣..........
#....#♣.._..♣♣♣♣♣ #....♣#♣⌠.⌠♣#
#..#..♣#♣♣♣# #..#♣.. #..# ♣..


You could see a fire dragon (catching breath) and 3 kobolds.

Vanquished Creatures
  Erica (D:8)
  A troll (D:8)
  Grum (D:8)
  An orc warrior (D:7)
  3 sky beasts
  2 ice beasts
  A phantom (D:6)
  A black bear (D:7)
  3 centaurs
  An ogre (D:9)
  3 wolves (D:8)
  2 bullfrogs
  2 scorpions
  6 killer bees (D:7)
  4 wights (D:8)
  A quasit (D:7)
  A jelly (D:5)
  6 orc wizards
  2 orc priests
  8 hounds
  A human zombie (D:5)
  4 iguanas
  5 worker ants
  A hound skeleton (D:6)
  A howler monkey zombie (D:5)
  A howler monkey skeleton (D:7)
  A worker ant zombie (D:6)
  6 adders
  A white imp (D:7)
  4 ufetubi
  2 adder skeletons
  3 worms
  4 dart slugs
  4 leopard geckos
  14 orcs
  5 bats
  A giant cockroach (D:8)
  5 goblins
  4 hobgoblins
  14 jackals
  3 kobolds
  5 quokkas
  2 ball pythons (D:2)
  7 frilled lizards
  A hobgoblin zombie (D:5)
  A leopard gecko skeleton (D:6)
  An orc zombie (D:5)
  A quokka skeleton (D:4)
  6 rats
  A rat zombie (D:5)
159 creatures vanquished.

Vanquished Creatures (others)
  4 fungi (D:2)
  6 plants (D:2)
10 creatures vanquished.

Grand Total: 169 creatures vanquished

Notes
Turn   | Place    | Note
-------+----------+-------------------------------------------
     0 | D:1      | JustYaKnow the Minotaur Fighter began the quest for the
                  | Orb.
     0 | D:1      | Reached XP level 1. HP: 19/19 MP: 0/0
   236 | D:1      | Reached XP level 2. HP: 27/27 MP: 1/1
   815 | D:2      | Reached XP level 3. HP: 33/33 MP: 2/2
  1044 | D:2      | Reached skill level 1 in Dodging
  1055 | D:2      | Reached XP level 4. HP: 41/41 MP: 3/3
  1331 | D:2      | Found a blossoming altar of Fedhas.
  1332 | D:2      | Found an ancient bone altar of Kikubaaqudgha.
  1333 | D:2      | Found a shadowy altar of Dithmenos.
  1354 | D:2      | Found a sacrificial altar of Ru.
  1491 | D:2      | Became a worshipper of Ru the Awakened
  1626 | D:3      | Found a shimmering altar of Xom.
  1627 | D:3      | Found a broken altar of Ashenzari.
  1692 | D:3      | Found a hazy altar of Hepliaklqana.
  2125 | D:3      | Found a stormy altar of Qazlal.
  2590 | D:4      | Reached XP level 5. HP: 45/47 MP: 4/4
  2709 | D:4      | Found an opulent altar of Gozag.
  2812 | D:4      | Found a staircase to the Ecumenical Temple.
  3033 | D:5      | Entered Level 5 of the Dungeon
  3052 | D:5      | Reached skill level 5 in Long Blades
  3228 | D:5      | Found a sand-covered staircase.
  3249 | D:5      | Reached skill level 5 in Armour
  3249 | D:5      | Reached XP level 6. HP: 42/53 MP: 5/5
  3265 | D:5      | Noticed a sky beast
  3297 | D:5      | Killed a sky beast
  3298 | D:5      | Reached skill level 5 in Shields
  3552 | D:5      | Gained mutation: You are hated by all. [Ru sacrifice]
  3552 | D:5      | Reached * piety under Ru
  3940 | D:6      | Reached XP level 7. HP: 60/60 MP: 6/6
  3997 | D:6      | Reached skill level 5 in Fighting
  4174 | D:6      | Reached XP level 8. HP: 68/68 MP: 7/7
  4435 | D:7      | Found Kyisof's Antique Weapon Shop.
  4479 | D:7      | Gained mutation: Your muscles are strong. (Str +2) [potion
                  | of mutation]
  4479 | D:7      | Gained mutation: You are somewhat resistant to further
                  | mutation. [potion of mutation]
  4902 | D:7      | Found Laliemop's General Store.
  5001 | D:7      | Found Onlim's Gadget Shop.
  5526 | D:7      | Found Witerch's Antique Armour Shop.
  6322 | D:7      | Gained mutation: You cannot read scrolls while threatened.
                  | [Ru sacrifice]
  6322 | D:7      | Reached ** piety under Ru
  6329 | D:8      | Noticed Erica
  6407 | D:7      | Found an ornate altar of the Wu Jian Council.
  6413 | D:7      | Noticed a spectral centipede
  6413 | D:7      | Noticed a spectral black mamba
  6470 | D:8      | Reached XP level 9. HP: 67/78 MP: 8/8
  6640 | D:8      | Noticed a troll
  6656 | D:8      | Killed a troll
  6737 | D:8      | Noticed Grum
  6775 | D:8      | Killed Grum
  6831 | D:8      | Killed Erica
  6832 | D:8      | Reached skill level 10 in Shields
  7223 | D:8      | Found a burning altar of Makhleb.
  7229 | D:8      | Reached skill level 10 in Long Blades
  7318 | D:9      | Found a basalt altar of Yredelemnul.
  7426 | D:9      | Noticed a fire dragon
  7427 | D:9      | Found a staircase to the Lair.
  7448 | D:9      | Killed from afar by a fire dragon

Illustrated notes

Levels and vault maps discovered:
D:1:      ebering_trefoil_twist, layout_loops_cross
D:2:      layout_loops_ring, chequers_temple_overflow_statue_of_worship,
          nicolae_ru_the_path_less_chosen
D:3:      layout_rooms, lemuel_round_altar, minitemple,
          nicolae_qazlal_eye_of_the_storm
D:4:      layout_basic, old_standard_altar, minmay_temple_entry_from_below_b,
          patterned_corridor
D:5:      black_bear_nest_1, layout_loops_ring, tso_altar, enter_ossuary_3
D:6:      layout_rooms, corexii_item_surrounded_by_moat,
          kennysheep_cross_bottleneck
D:7:      layout_basic, pdpol_wu_jian_five_deadly_venoms, serial_shops, shop,
          shop_statue, shop, nicolae_shop_behind_doors
D:8:      layout_rooms, makhleb_heckhound_becter, uniq_grum, uniq_erica
D:9:      layout_stronghold, kennysheep_ying_yang, led_sif_pool,
          minmay_lair_entry_lava, serial_shops, shop

Skill      XL: |  1  2  3  4  5  6  7  8  9 |
---------------+----------------------------+-----
Fighting       | 4 5 6 7 |  7.9
Armour         | 4 5 7 |  7.7
Long Blades    | 3 4 5 7 8 10 | 10.0
Shields        | 4 5 6 8 10 | 10.4
Dodging        | 1 |  1.9
Axes           | |  0.4
Stealth        | |  0.2

Action                   |  1- 3 |  4- 6 |  7- 9 || total
-------------------------+-------+-------+-------++-------
Melee: Long sword        |   118 |   185 |   260 ||   563
       Headbutt          |    15 |    36 |    53 ||   104
       Scimitar          |       |       |    28 ||    28
       Hand axe          |       |       |     2 ||     2
Invok: Sacrifice Love    |       |     1 |       ||     1
       Sacrifice Words   |       |       |     1 ||     1
  Use: Potion            |     1 |       |    10 ||    11
       Scroll            |       |    11 |    11 ||    22
Armor: Scale mail        |    21 |       |       ||    21
       Plate armour      |    32 |   102 |   207 ||   341
Dodge: Dodged            |    11 |     9 |    59 ||    79
Block: Kite shield       |    23 |       |       ||    23
       Tower shield      |    68 |   146 |   394 ||   608
       Rpst.: Long sword |     3 |     2 |    13 ||    18
       Scimitar          |       |       |     1 ||     1
